 Dungeon Crawl Stone Soup version 0.29-a0-284-gf9362112df (webtiles) character file.

Game seed: 1439102908370744169

20 Dabor the Covered (level 2, 0/19 HPs)
             Began as a Gargoyle Fighter on Mar 14, 2022.
             Slain by a gnoll
             ... wielding a +0 spear
             ... summoned by the darkness of Dithmenos
              (4 damage)
             ... on level 1 of the Dungeon.
             The game lasted 00:00:57 (515 turns).

Dabor the Covered (Gargoyle Fighter)                 Turns: 515, Time: 00:00:58

Health: 0/19       AC: 10    Str: 19    XL:     2   Next: 79%
Magic:  2/2        EV:  9    Int:  8    God:
Gold:   38         SH:  4    Dex:  9    Spells: 1/1 levels left

rFire   . . .      SeeInvis .   a - +0 flail
rCold   . . .      Faith    .   c - +0 buckler
rNeg    + . .      Spirit   .   b - +1 scale mail
rPois   ∞          Reflect  .   (no helmet)
rElec   +          Harm     .   (no cloak)
rCorr   .          Rampage  .   (no gloves)
Will    .....                   (no boots)
Stlth   ..........              (no amulet)
HPRegen 0.06/turn               (no ring)
MPRegen 0.08/turn               (no ring)

@: about to teleport
A: sickness immunity, AC +2, negative energy resistance 1, electricity
resistance, torment resistance 1, petrification resistance
a: no special abilities


You were on level 1 of the Dungeon.
You visited 1 branch of the dungeon, and saw 1 of its levels.

You collected 38 gold pieces.

Inventory:

Hand Weapons
 a - a +0 flail (weapon)
Missiles
 e - 6 poisoned darts (quivered)
Armour
 b - a +1 scale mail (worn)
 c - a +0 buckler (worn)
Scrolls
 k - a scroll of noise {unknown}
Potions
 d - a potion of might
 g - a potion of brilliance {unknown}
 j - a potion of lignification {unknown}


   Skills:
 + Level 3.5 Fighting
 + Level 2.3 Maces & Flails
 + Level 3.6 Armour
 + Level 3.5 Shields


You had one spell level left.
You didn't know any spells.
Your spell library contained the following spells:

 Spells                   Type           Power      Damage    Failure   Level
 Shock                    Conj/Air       0%         1d3       86%         1
 Swiftness                Air            0%         N/A       99%         3
 Airstrike                Air            0%         N/A       100%        4


Dungeon Overview and Level Annotations

Branches:
Dungeon (1/15)

Altars:
Dithmenos


Innate Abilities, Weirdness & Mutations

You are immune to sickness and miasma.
Your stone body is resilient. (AC +2)
You are immune to poison.
You resist negative energy. (rN+)
You are resistant to electric shocks. (rElec)
You are resistant to unholy torment.
You are immune to petrification.


Message History

You hit the kobold.
The kobold is moderately wounded.
The kobold hits you but does no damage.
You barely miss the kobold.
The kobold is moderately wounded.
The kobold hits you but does no damage.
You closely miss the kobold.
The kobold is moderately wounded.
The kobold closely misses you. The kobold hits you with a +0 dagger.
You barely miss the kobold. The kobold hits you with a +0 dagger.
You hit the kobold but do no damage. The kobold hits you but does no damage.
You hit the kobold.
You kill the kobold!
Things that are here:
a +0 dagger; a ball python corpse; a bat corpse
Things that are here:
a +0 dagger; a ball python corpse; a bat corpse You see here a +0 leather armour.
You start resting.
Dithmenos weaves monsters from the shadows.
There are monsters nearby!
Okay, then.
As you read the scroll labelled EFAYPE JEFFIO, it crumbles to dust.
It is a scroll of enchant armour.
Your +0 scale mail glows green for a moment.
The orc shouts! x2; The gnoll shouts! x4
As you read the scroll labelled HAIKKEA GILEY, it crumbles to dust.
It is a scroll of identify.
i - a scroll of teleportation The gnoll sergeant closely misses you.
The gnoll barely misses you. x3
As you read the scroll of teleportation, it crumbles to dust.
You feel strangely unstable. The gnoll sergeant barely misses you.
The gnoll hits you but does no damage. The gnoll hits you with a +0 spear.
The gnoll barely misses you. You block the orc's attack.
You sock the gnoll!
The gnoll is heavily wounded.
The gnoll sergeant hits you from afar with a +0 spear.
* * * LOW HITPOINT WARNING * * *
The gnoll hits you with a +0 spear.
You die...

#...........##..⌠.....
.####..#.####..P≈⌠⌠≈P
###..#...........).
#....########.###.# #
#.##.# #.# #..
#.##.##.# #.# ###
#..ooo..# .# #
####o#### .#####
#.ggg@g.# .......
#.##g##.# ..#.... #
#)##†# . #.... #....#
... #....
#.####..##..... ......
#..[.......# ###....
#####..###.# #####
#...K†# # #.#.....


You could see a gnoll sergeant (summoned), 4 gnolls and 3 orcs.

Vanquished Creatures
  2 bats (D:1)
  An endoplasm (D:1)
  2 goblins (D:1)
  2 hobgoblins (D:1)
  3 jackals (D:1)
  3 ball pythons (D:1)
  A frilled lizard (D:1)
  2 kobolds (D:1)
  A rat (D:1)
17 creatures vanquished.

Notes
Turn   | Place    | Note
-------+----------+-------------------------------------------
     0 | D:1      | Dabor the Gargoyle Fighter began the quest for the Orb.
     0 | D:1      | Reached XP level 1. HP: 14/14 MP: 1/1
   116 | D:1      | Found a faded altar of an unknown god.
   139 | D:1      | Prayed at the altar of an unknown god.
   139 | D:1      | Became a worshipper of Dithmenos the Shadowed
   139 | D:1      | Reached * piety under Dithmenos
   140 | D:1      | Fell from the grace of Dithmenos
   176 | D:1      | Reached XP level 2. HP: 15/19 MP: 2/2
   512 | D:1      | Noticed a gnoll sergeant
   515 | D:1      | Slain by a gnoll

Illustrated notes

Levels and vault maps discovered:
D:1:      minmay_arrival_cross, layout_loops_cross,
          shapermc_ecumenical_altar_acropolis, st_stairs_4

Action                   || total
-------------------------++-------
Melee: Flail             ||    62
Invok: Renounce Religion ||     1
  Use: Scroll            ||     3
Armor: Scale mail        ||    63
Dodge: Dodged            ||    56
Block: Buckler           ||    21

Table legend: (Time is in decaauts)
 A = Elapsed time spent in this place.
 B = Non-inter-level travel time spent in this place.
 C = Inter-level travel time spent in this place.
 D = Time resting spent in this place.
 E = Time spent auto-exploring this place.
 F = Levels seen in this place.
 G = Mean time per level.
                   A        B        C        D        E       F      G
               +--------+--------+--------+--------+--------+-----+--------+
         Total |    535 |    535 |      0 |      4 |    377 |   1 |  535.0 |
       Dungeon |    535 |    535 |      0 |      4 |    377 |   1 |  535.0 |
               +--------+--------+--------+--------+--------+-----+--------+

Top non-repeatable levels by time:
     D:1: 535 daAuts
